 Seeded DCSS version 0.28.0-53-g5a82cb258f (webtiles) character file.

Game seed: 5819556540278030217 (custom seed)

544 bwicke the Cleaver (level 7, -1/57 HPs)
             Began as a Hill Orc Fighter on Aug 10, 2022.
             Slain by an acid dragon (3 damage)
             ... on level 6 of the Dungeon.
             The game lasted 00:07:38 (2544 turns).

bwicke the Cleaver (Hill Orc Fighter)               Turns: 2544, Time: 00:07:39

Health: -1/57      AC:  6    Str: 21    XL:     7   Next: 27%
Magic:  7/7        EV:  9    Int:  8    God:
Gold:   151        SH:  9    Dex: 10    Spells: 6/6 levels left

rFire   + . .      SeeInvis .   a - +1 war axe
rCold   . . .      Faith    .   c - +0 buckler
rNeg    . . .      Spirit   .   b - +0 scale mail
rPois   +          Reflect  +   e - +2 helmet
rElec   .          Harm     .   (no cloak)
rCorr   .          Rampage  .   (no gloves)
Will    +....                   (no boots)
Stlth   ..........              f - amulet of Hoddo {Reflect rPois rF+ SH+5}
HPRegen 0.19/turn               v - ring of poison resistance
MPRegen 0.10/turn               w - ring of willpower

@: mighty, corroded
A: no striking features
a: no special abilities


You were on level 6 of the Dungeon.
You visited 1 branch of the dungeon, and saw 4 of its levels.

You collected 151 gold pieces.

Inventory:

Hand Weapons
 a - a +1 war axe (weapon)
 o - a +0 dagger of venom
 p - a +0 hunting sling
Missiles
 g - 26 sling bullets
 i - 8 poisoned darts (quivered)
 m - a throwing net
Armour
 b - a +0 scale mail (worn)
 c - a +0 buckler (worn)
 e - a +2 helmet (worn)
Jewellery
 f - the amulet of Hoddo (around neck) {Reflect rPois rF+ SH+5}
   (You acquired it on level 1 of the Dungeon)

   [amulet of reflection]

   It reflects blocked missile attacks.
   rF:        It protects you from fire.
   rPois:     It protects you from poison.
   SH:        It affects your SH (+5).
 u - an amulet of guardian spirit
 v - a ring of poison resistance (left hand)
 w - a ring of willpower (right hand)
Wands
 r - a wand of flame (5)
 s - a wand of polymorph (4)
Scrolls
 q - a scroll of enchant armour {unknown}
 t - a scroll of amnesia {unknown}
 y - a scroll of noise {unknown}
 z - a scroll of blinking {unknown}
Potions
 d - 2 potions of might
 h - 2 potions of flight {unknown}
 j - a potion of curing {unknown}
 k - a potion of experience {unknown}
 l - a potion of invisibility {unknown}
 n - a potion of haste {unknown}
 x - a potion of degeneration {unknown}
 A - a potion of lignification {unknown}
 B - a potion of berserk rage {unknown}
 C - a potion of mutation {unknown}


   Skills:
 - Level 3.6 Fighting
 - Level 10.2 Axes
 - Level 3.2 Armour
 + Level 3.2 Shields


You had 6 spell levels left.
You didn't know any spells.
Your spell library contained the following spells:

 Spells                   Type           Power      Damage    Failure   Level
 Foxfire                  Conj/Fire      0%         2x1d4     83%         1
 Conjure Flame            Conj/Fire      0%         6-21      99%         3
 Inner Flame              Hex/Fire       0%         N/A       99%         3
 Flame Wave               Conj/Fire      0%         2d4       100%        4


Dungeon Overview and Level Annotations

Branches:
Dungeon (3/15)

Altars:
Cheibriados


Message History

Deactivating autopickup; reactivate with Ctrl-A.
Something hits you. Something shocks you.
Something hits you but does no damage.
You closely miss something. You block something's attack.
You closely miss something. Something hits you. Something shocks you.
You closely miss something. Something hits you but does no damage.
You barely miss something. You block something's attack.
You miss something. Something hits you but does no damage.
You barely miss something. Something hits you but does no damage.
You slash something! Something hits you but does no damage.
You closely miss something. Something hits you but does no damage.
You barely miss something. Something hits you but does no damage.
You hit something.
Reactivating autopickup.
You feel a bit more experienced.
Your Axes skill increases to level 10!
You now have 151 gold pieces (gained 11).
You open the door.
Found a whip and a buckler.
There is an open door here.
You see here a +0 whip.
An acid dragon comes into view.
The acid dragon roars!
Found a stone staircase leading up.
The acid dragon spits acid at you. The splash of acid hits you!
You barely miss the acid dragon. The acid dragon spits acid at you.
The splash of acid hits you! You block the acid dragon's attack. x2
You hit the acid dragon but do no damage.
The acid dragon spits acid at you. The splash of acid hits you!!
* * * LOW HITPOINT WARNING * * *
The acid corrodes you!
Okay, then.
Okay, then.
Unknown command.
You feel very mighty all of a sudden. The acid dragon bites you.
You die...

#.........#...######
#......
#.........#.#'#######
#......
...............)...#
#......
..................#
#......
...##.........#
#...).. ...
#.........# #......
.. #........[#
#...... #.........#
#...... #...D@....#
#...... ............#
####### ###.........#
#.........#
###<#.....# ###.....#
#.....# #.....#


You could see an acid dragon (catching breath).

Vanquished Creatures
  A sky beast (D:6)
  An ogre (D:6)
  A water moccasin zombie (D:6)
  A centaur zombie (D:6)
  3 hounds (D:6)
  An orc priest (D:3)
  An iguana (D:6)
  Robin (D:2)
  A howler monkey zombie (D:6)
  3 adders
  A worm (D:3)
  3 dart slugs
  2 orcs (D:3)
  7 ball pythons
  5 bats
  3 endoplasms
  A giant cockroach (D:1)
  15 goblins
  4 hobgoblins
  10 jackals
  7 kobolds
  4 quokkas
  2 frilled lizards
  5 rats
83 creatures vanquished.

Notes
Turn   | Place    | Note
-------+----------+-------------------------------------------
     0 | D:1      | bwicke the Hill Orc Fighter began the quest for the Orb.
     0 | D:1      | Reached XP level 1. HP: 19/19 MP: 1/1
    46 | D:1      | Reached skill level 3 in Axes
    70 | D:1      | Reached XP level 2. HP: 22/26 MP: 2/2
    72 | D:1      | Reached skill level 4 in Axes
   157 | D:1      | Reached XP level 3. HP: 31/31 MP: 3/3
   294 | D:1      | Reached skill level 5 in Axes
   518 | D:1      | Identified a scroll of acquirement
   518 | D:1      | Acquired the amulet of Hoddo {Reflect rPois rF+ SH+5}
   802 | D:2      | Reached XP level 4. HP: 27/39 MP: 4/4
   910 | D:2      | Found a snail-covered altar of Cheibriados.
  1025 | D:2      | Noticed Robin
  1038 | D:2      | Killed Robin
  1039 | D:2      | Reached skill level 6 in Axes
  1460 | D:2      | Found a faded altar of an unknown god.
  1810 | D:3      | Reached XP level 5. HP: 26/45 MP: 5/5
  1813 | D:3      | Reached skill level 7 in Axes
  2195 | D:3      | You fall into a shaft and drop 3 floors!
  2195 | D:6      | Noticed an ogre
  2202 | D:6      | Killed an ogre
  2203 | D:6      | Reached skill level 8 in Axes
  2203 | D:6      | Reached XP level 6. HP: 39/51 MP: 6/6
  2207 | D:6      | Reached skill level 9 in Axes
  2325 | D:6      | Noticed a sky beast
  2335 | D:6      | Reached XP level 7. HP: 35/57 MP: 7/7
  2350 | D:6      | Reached skill level 10 in Axes
  2543 | D:6      | HP: 2/57 [acid dragon/splash of acid (28)]
  2544 | D:6      | Slain by an acid dragon

Illustrated notes

Levels and vault maps discovered:
D:1:      evilmike_arrival_hilbert_curve, layout_basic,
          minmay_misc_feat_more_columns, minmay_pentomino_t4
D:2:      layout_loops_ring, shapermc_ecumenical_altar_notcrosses, basic_altar,
          hangedman_decor_opposing, uniq_robin
D:3:      layout_rooms, hangedman_decor_push
D:6:      layout_basic

Skill      XL: |  1  2  3  4  5  6  7 |
---------------+----------------------+-----
Axes           | 3 4 5 6 8 9 10 | 10.2
Fighting       | |  3.6
Armour         | |  3.2
Shields        | |  3.2

Action                   |  1- 3 |  4- 6 |  7- 9 || total
-------------------------+-------+-------+-------++-------
Melee: War axe           |    76 |    96 |    16 ||   188
Throw: Dart              |       |     1 |       ||     1
  Use: Scroll            |     3 |       |       ||     3
       Potion            |       |     1 |     1 ||     2
Armor: Scale mail        |    47 |    46 |     8 ||   101
Dodge: Dodged            |    42 |    42 |       ||    84
Block: Buckler           |    20 |    48 |     7 ||    75
       Reflection        |     1 |     2 |       ||     3
